 Dungeon Crawl Stone Soup version 0.29-a0-1030-gf5f8719cae (webtiles) character file.

Game seed: 12775439026230348776

72 Conn the Firebug (level 4, -3/27 HPs)
             Began as an Octopode Fire Elementalist on Aug 13, 2022.
             Slain by an orc wizard
             ... wielding a +0 dagger
              (4 damage)
             ... on level 3 of the Dungeon.
             The game lasted 00:04:40 (1624 turns).

Conn the Firebug (Octopode Fire Elementalist)       Turns: 1624, Time: 00:04:41

Health: -3/27      AC:  1    Str:  7    XL:     4   Next: 26%
Magic:  3/7        EV: 14    Int: 19    God:
Gold:   82         SH:  0    Dex: 18    Spells: 2/8 levels left

rFire   . . .      SeeInvis .   b - +0 dagger
rCold   . . .      Faith    .   (no shield)
rNeg    . . .      Spirit   .   (helmet restricted)
rPois   .          Reflect  .   (no amulet)
rElec   .          Harm     .   f - +6 ring of dexterity
rCorr   .          Rampage  .   (no ring)
Will    .....                   (no ring)
Stlth   ++++......              (no ring)
HPRegen 0.09/turn               (no ring)
MPRegen 0.10/turn               (no ring)
                                (no ring)
                                (no ring)

@: attractive
A: almost no armour, amphibious, 8 rings, camouflage 1, gelatinous body 1,
(nimble swimmer 1), tentacles
a: no special abilities


You were on level 3 of the Dungeon.
You visited 1 branch of the dungeon, and saw 3 of its levels.

You collected 82 gold pieces.

Inventory:

Hand Weapons
 b - a +0 dagger (weapon)
Missiles
 g - 4 poisoned darts
Jewellery
 f - a +6 ring of dexterity (left tentacle)
Scrolls
 a - 2 scrolls of butterflies {unknown}
 e - 4 scrolls of enchant weapon {unknown}


   Skills:
 + Level 2.5 Dodging
 + Level 3.4 Stealth
 + Level 0.1 Unarmed Combat
 + Level 2.5 Spellcasting
 + Level 1.8 Conjurations
 + Level 3.6 Fire Magic


You had 2 spell levels left.
You knew the following spells:

 Your Spells              Type           Power      Damage    Failure   Level
a - Foxfire               Conj/Fire      48%        2x1d6     5%          1
b - Conjure Flame         Conj/Fire      12%        6-21      16%         3
e - Scorch                Fire           32%        2d7       5%          2

Your spell library contained the following spells:

 Spells                   Type           Power      Damage    Failure   Level
 Inner Flame              Hex/Fire       9%         N/A       22%         3
 Flame Wave               Conj/Fire      12%        2d6       45%         4


Dungeon Overview and Level Annotations

Branches:
Dungeon (3/15)

Altars:
Ru


Innate Abilities, Weirdness & Mutations

You cannot wear most types of armour.
You are amphibious.
You can wear up to eight rings at the same time.
Your skin changes colour to match your surroundings (Stealth+).
Your rubbery body absorbs attacks. (AC +1, EV +1)
((You are camouflaged when in or above water. (Stealth+)))
You have tentacles for arms and can constrict up to eight enemies at once.


Message History

Unknown command.
It was a potion of attraction.
You feel attractive to monsters.
You constrict the orc.
You kill the orc!
You constrict the orc wizard.
The orc is no longer more vulnerable to fire.
The orc wizard casts a spell at you. The puff of flame hits you.
* * * LOW HITPOINT WARNING * * *
The worm is attracted toward you.
Unknown command.
Unknown command.
Unknown command.
Unknown command.
Unknown command.
Unknown command.
Unknown command.
Unknown command.
Unknown command.
You aren't carrying any potions.
Unknown command.
Unknown command.
Unknown command.
You release your grip on the orc wizard.
The worm closely misses you. The orc is attracted toward you.
You bump into the rock wall.
The orc wizard misses you.
The orc wizard attacks as you move away!
The orc wizard hits you with a +0 dagger.
* * * LOW HITPOINT WARNING * * *
You feel less confused. The worm is attracted toward you.
The orc wizard is attracted toward you. The orc wizard is attracted toward you.
Unknown command.
Unknown command.
The orc is attracted toward you.
The orc wizard attacks as you move away!
The orc wizard hits you with a +0 dagger.
You die...

#.## #.#.#.# ## . #..#
#.#.#.# # #o ..
##.###.....# .#. ...
#.........#####.# ....
#..##........##)##.....
#..##.........o.)..[...
#####..##.....##.##.####...
#......#########w##§#
#.###.........@oo...#
#.######.#######.§#.......
#.#...........##..########
#.#.####.####.##..#
#.#.#.......#.##..#
#.#.#.##.##.#.##..#
#.#.#.#...#.#.##..#
#......._.........#
###.#.#...#.#)#...#####.+


You could see a worm, an orc wizard and an orc.

Vanquished Creatures
  An orc wizard (D:3)
  2 adders (D:2)
  2 dart slugs (D:1)
  An orc (D:3)
  2 bats (D:1)
  4 endoplasms
  2 giant cockroaches
  7 goblins
  A hobgoblin (D:1)
  2 jackals (D:1)
  5 kobolds (D:1)
  2 quokkas (D:1)
  4 ball pythons
  A frilled lizard (D:1)
  A rat (D:2)
37 creatures vanquished.

Vanquished Creatures (others)
  74 foxfires
74 creatures vanquished.

Grand Total: 111 creatures vanquished

Notes
Turn   | Place    | Note
-------+----------+-------------------------------------------
     0 | D:1      | Conn the Octopode Fire Elementalist began the quest for the
                  | Orb.
     0 | D:1      | Reached XP level 1. HP: 11/11 MP: 3/3
   175 | D:1      | Reached XP level 2. HP: 17/17 MP: 0/5
   360 | D:1      | Found a faded altar of an unknown god.
   640 | D:1      | Reached XP level 3. HP: 18/21 MP: 1/6
  1140 | D:2      | Learned a level 2 spell: Scorch
  1144 | D:2      | Learned a level 3 spell: Conjure Flame
  1451 | D:3      | Reached XP level 4. HP: 25/27 MP: 5/7
  1526 | D:3      | Found a sacrificial altar of Ru.
  1618 | D:3      | HP: 1/27 [orc wizard/+0 dagger (2)]
  1624 | D:3      | Slain by an orc wizard

Illustrated notes

Levels and vault maps discovered:
D:1:      dpeg_arrival_pond, layout_basic, hellmonk_ecumenical_altar_lost_god,
          chequers_serial_rivers_small_3
D:2:      layout_basic, serial_bayou_pond_c, minmay_divided_ellipse,
          uniq_jessica, uniq_robin
D:3:      layout_loops_ring, nicolae_ru_sacrificial_ziggurat,
          old_standard_altar, chequers_temple_overflow_minitemple,
          hangedman_abyss_or_decor_stabs

Skill      XL: |  1  2 |
---------------+-------+-----
Stealth        | 3 |  3.4
Dodging        | |  2.5
Unarmed Combat | |  0.1
Spellcasting   | |  2.5
Conjurations   | |  1.8
Fire Magic     | |  3.6

Action                   |  1- 3 |  4- 6 || total
-------------------------+-------+-------++-------
Melee: Unarmed           |     6 |       ||     6
       Constrict         |    11 |     2 ||    13
       Dagger            |    27 |     3 ||    30
       Tentacles         |     6 |       ||     6
 Cast: Foxfire           |    38 |     5 ||    43
       Scorch            |     1 |     1 ||     2
  Use: Potion            |       |     2 ||     2
 Stab: Sleeping          |     3 |       ||     3
Armor: Skin              |     5 |       ||     5
Dodge: Dodged            |    55 |     7 ||    62

Table legend: (Time is in decaauts)
 A = Elapsed time spent in this place.
 B = Non-inter-level travel time spent in this place.
 C = Inter-level travel time spent in this place.
 D = Time resting spent in this place.
 E = Time spent auto-exploring this place.
 F = Levels seen in this place.
 G = Mean time per level.
                   A        B        C        D        E       F      G
               +--------+--------+--------+--------+--------+-----+--------+
         Total |   1622 |   1589 |     33 |     22 |   1098 |   3 |  540.7 |
       Dungeon |   1622 |   1589 |     33 |     22 |   1098 |   3 |  540.7 |
               +--------+--------+--------+--------+--------+-----+--------+

Top non-repeatable levels by time:
     D:1: 1135 daAuts
     D:2: 267 daAuts
     D:3: 219 daAuts
